 Dungeon Crawl Stone Soup version 0.30.1-3-gfc49f6343a (webtiles) character file.

Game seed: 8551931635925869123

2 jtron the Caller (level 1, 0/13 HPs)
             Began as a Gnoll Summoner on Aug 8, 2023.
             Slain by a kobold
             ... wielding a +1 short sword of flaming
              (1 damage)
             ... on level 1 of the Dungeon.
             The game lasted 00:00:38 (105 turns).

jtron the Caller (Gnoll Summoner)                    Turns: 105, Time: 00:00:39

Health: 0/13       AC:  2    Str:  7    XL:     1   Next: 40%
Magic:  4/6        EV: 13    Int: 14    God:
Gold:   0          SH:  0    Dex: 12    Spells: 8/9 levels left

rFire   . . .        c - +0 club
rCold   . . .        (no shield)
rNeg    . . .        a - +0 robe
rPois   .            (no helmet)
rElec   .            (no cloak)
rCorr   .            (no gloves)
SInv    .            (no boots)
Will    .....        (no amulet)
Stlth   ++           e - ring of wizardry
HPRegen 0.22/turn    (no ring)
MPRegen 0.10/turn

%: wizardry (x1)
@: no status effects
A: fangs 1, strong nose, distributed training
a: no special abilities


You were on level 1 of the Dungeon.
You visited 1 branch of the dungeon, and saw 1 of its levels.

Inventory:

Hand Weapons
 c - a +0 club (weapon)
Armour
 a - a +0 robe (worn)
Jewellery
 e - a ring of wizardry (left hand)
Scrolls
 d - a scroll of identify {unknown}
Potions
 b - a potion of magic


   Skills:
 + Level 0.0 Fighting
 + Level 0.0 Short Blades
 + Level 0.0 Long Blades
 + Level 0.0 Axes
 + Level 0.0 Maces & Flails
 + Level 0.0 Polearms
 + Level 0.0 Staves
 + Level 0.0 Ranged Weapons
 + Level 0.0 Throwing
 + Level 0.0 Armour
 + Level 4.4 Dodging
 + Level 4.0 Stealth
 + Level 0.0 Shields
 + Level 0.0 Unarmed Combat
 + Level 4.8 Spellcasting
 + Level 0.0 Conjurations
 + Level 0.0 Hexes
 + Level 7.0 Summonings
 + Level 0.0 Necromancy
 + Level 0.0 Translocations
 + Level 0.0 Transmutations
 + Level 0.0 Fire Magic
 + Level 0.0 Ice Magic
 + Level 0.0 Air Magic
 + Level 0.0 Earth Magic
 + Level 0.0 Poison Magic
 + Level 0.1 Invocations
 + Level 0.0 Evocations


You had 8 spell levels left.
You knew the following spells:

 Your Spells              Type           Power      Damage    Failure   Level
a - Summon Small Mammal   Summ           92%        N/A       1%          1

Your spell library contained the following spells:

 Spells                   Type           Power      Damage    Failure   Level
 Call Imp                 Summ           46%        N/A       1%          2
 Call Canine Familiar     Summ           23%        N/A       1%          3
 Summon Guardian Golem    Hex/Summ       13%        N/A       4%          3
 Summon Lightning Spire   Summ/Air       13%        N/A       16%         4


Dungeon Overview and Level Annotations

Branches:
Dungeon (1/15)

Altars:


Innate Abilities, Weirdness & Mutations

You have very sharp teeth.
Your uncanny sense of smell can sniff out nearby items.
Your experience applies equally to all skills.


Message History

The kobold is wielding a +1 short sword of flaming.
Your quokka disappears in a puff of smoke!
Casting: Summon Small Mammal (safe; 1% risk of failure)
Confirm with . or Enter, or press ? or * to list all spells.
The kobold shouts!
Casting: Summon Small Mammal (safe; 1% risk of failure)
Confirm with . or Enter, or press ? or * to list all spells.
A ball python comes into view.
A giant cockroach comes into view.
A quokka comes into view.
The bat hits your quokka but does no damage.
Your quokka misses the kobold.
The kobold hits you with a +1 short sword of flaming.
The kobold burns you.
You closely miss the kobold. The bat closely misses your quokka.
The bat barely misses your quokka. x2; Your quokka barely misses the kobold.
The bat barely misses your quokka.
The kobold hits you with a +1 short sword of flaming.
The kobold burns you.
* * * LOW HITPOINT WARNING * * *
You barely miss the kobold. The bat hits your quokka.
The bat closely misses your quokka.
The bat hits your quokka but does no damage.
Your quokka bites the kobold.
Your quokka barely misses the kobold.
The kobold misses you.
The bat hits your quokka but does no damage.
Your quokka misses the bat.
Your quokka closely misses the kobold.
The bat completely misses your quokka. The bat barely misses your quokka.
The kobold hits you with a +1 short sword of flaming.
* * * LOW HITPOINT WARNING * * *
The kobold burns you.
* * * LOW HITPOINT WARNING * * *
The bat hits your quokka but does no damage.
Your quokka barely misses the bat.
Your quokka barely misses the kobold.
You barely miss the kobold. Your punch misses the kobold.
You bite the kobold, but do no damage.
The kobold is moderately wounded.
The bat completely misses your quokka. The bat misses your quokka.
The bat barely misses your quokka.
Your quokka closely misses the bat.
The kobold hits you with a +1 short sword of flaming.
You die...

########### #.........#
#.#######.######## #.#
##...#r.....
##@#####......#####
#K............#
...rBbrr....#......####
...#S#..................
. ...##.#.#.###.#..#####
..## #.#.#.# #.#..# .
#.#.#.# #.#..#
#.#.#.###.#..#
#.........#...


You could see a giant cockroach, a bat (ally target), a ball python, a kobold
(ally target) and 2 friendly quokkas.

Vanquished Creatures
  A rat (D:1)
1 creature vanquished.

Vanquished Creatures (collateral kills)
  A hobgoblin (D:1)
  A kobold (D:1)
2 creatures vanquished.

Grand Total: 3 creatures vanquished

Notes
Turn   | Place    | Note
-------+----------+-------------------------------------------
     0 | D:1      | jtron the Gnoll Summoner began the quest for the Orb.
     0 | D:1      | Reached XP level 1. HP: 13/13 MP: 6/6
   105 | D:1      | Slain by a kobold

Illustrated notes

Levels and vault maps discovered:
D:1:      ncdulo_lavacross, layout_loops_ring, grunt_decor_one_mirror

Action                     || total
---------------------------++-------
  Melee: Club              ||     4
         Bite              ||     1
   Cast: Summon Small Mamm ||     7
  Dodge: Dodged            ||     1
